AoeStats
← Abacaxi de Marataízes ^_~

Nomad

504549139Analyzed
4v4 RM · 28d ago on Sep 5, 2026· 61m 6s· 8 players
Game mode
Random Map
Map size
231×231
Population
200
Speed
Normal
Resources
Standard
Victory
Conquest
Starting age
Dark Age
Ending age
Imperial Age
RankedLock teamsTeams togetherTeam positionsShared explorationLock speedFull tech treeHidden civsTurbo modeCheats
Victory
Defeat
🇬🇧 Vietnamese · United Kingdom
825
+32
🇮🇩 Britons · Indonesia
799
+16
🇯🇴 Saracens · Jordan
773
+17
🇯🇴 Hindustanis · Jordan
761
+17
🇺🇸 Khmer · United States
824
-17
🇧🇷 Inca · Brazil
808
-17
🇵🇪 Teutons · Peru
791
-16
🇵🇪 Franks · Peru
764
-15
Dara_Shikoh
4:40 Loom
17:51 Feudal Age
21:04 Bloodlines
20:38 Horse Collar
20:47 Double-Bit Axe
25:10 Castle Age
26:06 Light Cavalry
27:33 Bow Saw
27:27 Heavy Plow
28:59 Gold Mining
28:59 Stone Mining
44:51 Scale Barding Armor
50:47 Imperial Age
A.A
10:10 Loom
16:54 Feudal Age
17:42 Double-Bit Axe
19:08 Forging
22:28 Castle Age
23:40 Castle Age
21:28 Horse Collar
22:34 Stone Mining
22:41 Gold Mining
23:39 Scale Mail Armor
23:47 Scale Barding Armor
25:30 Bow Saw
29:53 Stone Shaft Mining
30:07 Iron Casting
29:52 Chain Barding Armor
36:01 Elite Skirmisher
38:30 Ironclad
41:53 Fletching
48:44 Padded Archer Armor
49:06 Chain Mail Armor
51:03 Bloodlines
51:47 Wheelbarrow
Pedro II
5:18 Loom
21:10 Feudal Age
22:32 Wheelbarrow
21:43 Town Watch
21:52 Gold Mining
21:53 Stone Mining
21:52 Double-Bit Axe
21:58 Fishing Lines
26:58 Arson
30:54 Castle Age
32:03 Hand Cart
31:49 Town Patrol
32:04 Bow Saw
32:32 Gold Shaft Mining
33:22 Gillnets
35:11 Caravan
39:25 #83
40:05 Fervor
41:24 Fortified Wall
41:10 Murder Holes
41:26 Masonry
41:37 Ballistics
41:13 Fletching
41:25 Scale Mail Armor
42:38 Bodkin Arrow
43:07 Chain Mail Armor
43:03 Forging
45:43 Imperial Age
43:21 Squires
45:47 Iron Casting
46:46 Conscription
47:02 Hoardings
45:52 Elite Throwing Axeman
48:04 Blast Furnace
47:35 Plate Mail Armor
48:48 Architecture
49:20 Chemistry
48:26 Siege Engineers
Abacaxi de Marataízes ^_~
8:29 Loom
9:36 Loom
12:48 Feudal Age
14:40 Fletching
19:04 Double-Bit Axe
27:57 Castle Age
31:58 Bodkin Arrow
49:11 Champi Runner
49:53 Squires
50:38 Scale Mail Armor
50:48 Forging
50:46 Gold Mining
50:40 Horse Collar
53:14 Champi Warrior
55:58 Chain Mail Armor
58:41 Iron Casting
Nano
4:55 Loom
14:33 Feudal Age
15:57 Wheelbarrow
25:07 Castle Age
23:38 Double-Bit Axe
24:28 Stone Mining
24:29 Gold Mining
24:26 Horse Collar
25:55 Crossbowman
26:58 Hand Cart
29:27 Pikeman
41:18 Imperial Age
39:54 Fletching
40:04 Padded Archer Armor
41:59 Thumb Ring
42:33 Stone Shaft Mining
45:14 Elite Skirmisher
51:18 Arbalester
51:35 Imperial Skirmisher
53:44 Paper Money
53:26 Bodkin Arrow
53:47 Leather Archer Armor
53:05 Arbalester
53:48 Heavy Plow
WHEN
9:24 Loom
14:44 Feudal Age
16:15 Double-Bit Axe
16:48 Man-at-Arms
23:08 Castle Age
21:43 Horse Collar
24:10 Bow Saw
32:54 Bloodlines
32:59 Light Cavalry
41:09 Husbandry
45:56 Imperial Age
45:03 Gold Mining
46:26 Scale Barding Armor
46:33 Forging
46:15 Fletching
46:26 Padded Archer Armor
48:26 Chemistry
48:50 Chain Barding Armor
51:33 Two-Man Saw
50:41 Hussar
55:40 Grand Trunk Road
58:43 Gold Shaft Mining
57:59 Stone Mining
amer2005ok
10:12 Loom
16:10 Feudal Age
16:46 Double-Bit Axe
19:16 Gold Mining
20:57 Fishing Lines
25:28 Castle Age
26:16 Bloodlines
26:20 Forging
28:07 Husbandry
28:48 Scale Barding Armor
29:35 Gillnets
31:59 Bow Saw
33:24 Gold Mining
33:31 Stone Mining
39:43 Horse Collar
42:38 Gold Shaft Mining
43:33 Heavy Plow
46:11 Wheelbarrow
46:20 Town Watch
47:35 Chain Barding Armor
47:51 Iron Casting
52:15 Imperial Age
51:01 Fletching
51:13 Padded Archer Armor
52:38 Hand Cart
54:38 Heavy Camel Rider
55:44 Counterweights
58:13 Plate Barding Armor
58:38 Blast Furnace
59:59 Town Patrol
oos
3:10 Loom
4:32 Loom
15:13 Feudal Age
15:42 Town Watch
16:34 Wheelbarrow
16:02 Stone Mining
18:24 Double-Bit Axe
23:07 Gold Mining
23:03 Fishing Lines
28:10 Castle Age
29:38 Town Patrol
31:07 Bow Saw
32:12 Hand Cart
35:12 Imperial Age
32:15 Light Cavalry
33:41 Gillnets
33:56 Treadmill Crane
34:26 Masonry
35:25 Pikeman
36:05 Squires
35:51 Arson
37:35 Two-Man Saw
38:27 Hoardings
37:23 Sappers
39:56 Fletching
40:06 Padded Archer Armor
40:07 Scale Mail Armor
40:18 Forging
40:16 Scale Barding Armor
40:33 Ballistics
41:37 Caravan
41:45 Warwolf
41:43 Bodkin Arrow
42:04 Leather Archer Armor
41:44 Cavalier
42:24 Husbandry
46:37 Capped Ram
48:03 Conscription
49:04 Bracer
49:39 Architecture
51:14 Iron Casting
50:55 Chain Mail Armor
51:10 Ring Archer Armor
52:31 Chemistry
51:21 Heated Shot
52:08 Elite Longbowman
53:23 Ring Archer Armor
53:23 Plate Mail Armor
56:11 Yeomen
Connection lost

Rejoining the realm…

Still unreachable

The connection could not be restored.

Session expired

The server has moved on; the page needs a fresh start.